 Dungeon Crawl Stone Soup version 0.24.0-123-gd5b16e6ec5 (webtiles) character file.

Game seed: 7764992310253408419, levelgen mode: deterministic

828 Mrkan the Chopper (level 7, -1/62 HPs)
             Began as a Minotaur Fighter on Dec 17, 2019.
             Was a Follower of Okawaru.
             Slain by a troll zombie (9 damage)
             ... in an ossuary.
             The game lasted 00:06:22 (4876 turns).

Mrkan the Chopper (Minotaur Fighter)                Turns: 4876, Time: 00:06:23

Health: -1/62      AC:  7    Str: 21    XL:     7   Next: 65%
Magic:  6/6        EV:  8    Int:  5    God:    Okawaru [*.....]
Gold:   223        SH: 10    Dex: 11    Spells: 6/6 levels left

rFire    . . .     SeeInvis .   a - +0 war axe
rCold    . . .     Gourm    .   c - +0 shield
rNeg     . . .     Faith    .   b - +0 scale mail
rPois    .         Spirit   .   (helmet restricted)
rElec    .         Reflect  .   (no cloak)
rCorr    .         Harm     .   (no gloves)
MR       .....                  (no boots)
Stlth    ..........             (no amulet)
HPRegen  0.20/turn              (no ring)
MPRegen  0.10/turn              (no ring)

@: no status effects
A: retaliatory headbutt, horns 2
a: Heroism, Renounce Religion


You were in an ossuary.
You worshipped Okawaru.
Okawaru was aware of your devotion.
You were not hungry.

You visited 1 branch of the dungeon, and saw 5 of its levels.
You also visited: Ossuary.

You collected 223 gold pieces.

Inventory:

Hand Weapons
 a - a +0 war axe (weapon)
Armour
 b - a +0 scale mail (worn)
 c - a +0 shield (worn)
Jewellery
 k - a +4 ring of evasion {unknown}
 o - a +5 ring of evasion {unknown}
 p - an uncursed ring of protection from magic
Scrolls
 e - 6 scrolls of identify {unknown}
 g - 2 scrolls of amnesia {unknown}
 h - 2 scrolls of remove curse {unknown}
 i - a scroll of enchant armour {unknown}
 m - a scroll of magic mapping {unknown}
 r - a scroll of acquirement {unknown}
 s - a scroll of random uselessness {unknown}
Potions
 d - 2 potions of might
 j - a potion of magic {unknown}
 l - 2 potions of heal wounds {unknown}
 n - a potion of flight {unknown}
 q - a potion of brilliance {unknown}
Comestibles
 f - 6 rations


   Skills:
 + Level 5.8 Fighting
 * Level 7.0 Axes
 + Level 5.8 Armour
 + Level 5.9 Shields


You had 6 spell levels left.
You didn't know any spells.
Your spell library contained the following spells:

 Spells                   Type           Power        Failure   Level  Hunger
 Shock                    Conj/Air       #...         99%         1    ##.....
 Swiftness                Chrm/Air       #.......     100%        2    ###....
 Static Discharge         Conj/Air       #.......     100%        3    ####...
 Airstrike                Air            #.........   100%        4    #####..
 Lightning Bolt           Conj/Air       #.........   100%        5    ######.


Dungeon Overview and Level Annotations

Branches:
Dungeon (5/15)            Ossuary (1/1)
 Temple: D:4-7

Altars:
Cheibriados
Gozag
Kikubaaqudgha
Okawaru

Shops:
D:4 *

Annotations:
D:4 1 runed translucent door, diiiiiane's ghost, amateur OpAs


Innate Abilities, Weirdness & Mutations

You reflexively headbutt those who attack you in melee.
You have a pair of horns on your head.


Message History

The troll zombie is heavily damaged.
You block the troll zombie's attack. The troll zombie claws you. x2
You slash the troll zombie!
You headbutt the troll zombie, but do no damage.
The troll zombie is heavily damaged.
The troll zombie bites you but does no damage.
The troll zombie claws you. x2
You slash the troll zombie!
You headbutt the troll zombie, but do no damage.
The troll zombie is almost destroyed.
The troll zombie bites you!
* * * LOW HITPOINT WARNING * * *
The troll zombie closely misses you. You block the troll zombie's attack.
You slash the troll zombie!
The troll zombie is almost destroyed.
The troll zombie bites you!
* * * LOW HITPOINT WARNING * * *
The troll zombie claws you but does no damage.
The troll zombie claws you!
You die...

... #....#....#....#.#..#
....#....#....#....###..#
....#....#....#....# +..#
.........#.........# #..#
###...'..#......####
...................#
...................#
...................#
.......??$.?..@Z...+
#####..!$∩$!..######
.....??$?!......
.......!?!........
..................#
..................#
##......#......####
......#.......


You could see a troll zombie.

Vanquished Creatures
  A black bear (D:3)
  An elf zombie (Ossuary)
  A scorpion (D:3)
  2 centaur zombies (Ossuary)
  2 hounds
  2 orc priests
  A bullfrog skeleton (D:4)
  3 orc wizards
  2 iguanas (D:4)
  2 worker ants (D:4)
  8 mummies
  2 adders
  2 adder skeletons (D:4)
  An adder zombie (Ossuary)
  2 worms
  2 dart slugs (D:3)
  2 leopard geckos
  15 orcs
  2 giant cockroaches
  6 goblins
  6 hobgoblins
  A quokka (D:2)
  6 bats
  3 frilled lizards
  4 kobolds
  2 quokka zombies (Ossuary)
  12 rats
  A rat zombie (Ossuary)
94 creatures vanquished.

Notes
Turn   | Place    | Note
-------+----------+-------------------------------------------
     0 | D:1      | Mrkan the Minotaur Fighter began the quest for the Orb.
     0 | D:1      | Reached XP level 1. HP: 19/19 MP: 0/0
   269 | D:1      | Reached XP level 2. HP: 26/27 MP: 1/1
  1056 | D:2      | Found an ancient bone altar of Kikubaaqudgha.
  1068 | D:2      | Reached skill level 3 in Axes
  1119 | D:2      | Reached XP level 3. HP: 25/33 MP: 2/2
  1131 | D:2      | You fall into a shaft and drop 2 floors!
  1317 | D:4      | Reached skill level 4 in Axes
  1317 | D:4      | Reached XP level 4. HP: 33/40 MP: 3/3
  1363 | D:4      | Reached XP level 5. HP: 32/47 MP: 4/4
  1378 | D:4      | Found a runed translucent door.
  1707 | D:4      | Reached skill level 5 in Axes
  1715 | D:4      | Reached XP level 6. HP: 48/55 MP: 5/5
  1820 | D:4      | Noticed diiiiiane's ghost (amateur OpAs)
  1978 | D:4      | Found Cikot's Assorted Antiques.
  2040 | D:4      | Found an opulent altar of Gozag.
  2040 | D:4      | Found an iron altar of Okawaru.
  2044 | D:4      | Became a worshipper of Warmaster Okawaru
  2223 | D:3      | Reached skill level 5 in Shields
  2269 | D:3      | Reached skill level 5 in Fighting
  2269 | D:3      | Reached skill level 5 in Armour
  2684 | D:3      | Reached skill level 6 in Axes
  3042 | D:3      | Reached XP level 7. HP: 61/61 MP: 6/6
  3264 | D:3      | Found a snail-covered altar of Cheibriados.
  4154 | D:5      | Entered Level 5 of the Dungeon
  4182 | D:5      | Found a sand-covered staircase.
  4193 | Ossuary  | Entered an ossuary
  4429 | Ossuary  | Reached * piety under Okawaru
  4512 | Ossuary  | Reached skill level 7 in Axes
  4876 | Ossuary  | Slain by a troll zombie

Levels and vault maps discovered:
D:1:      psy_arrival_radial02, layout_loops_corners, minivault_26
D:2:      layout_loops_ring, overflow_temple_1_default, first_ration
D:3:      layout_loops_ring, kennysheep_slug_shrine
D:4:      layout_loops_ring, gammafunk_temple_overflow_wave, serial_forest,
          infiniplex_forest_corner_1, infiniplex_forest_end_3,
          infiniplex_forest_clump_C, infiniplex_forest_clump_diagonal,
          infiniplex_forest_side_room, serial_shops, shop,
          ebering_ghost_sewer_d, grunt_tough_drop
D:5:      layout_basic, gup_ossuary_entry_pyramid
Ossuary:  ossuary_boxes_badplayer

Skill      XL: |  1  2  3  4  5  6  7 |
---------------+----------------------+-----
Axes           | 3 4 5 6 7 |  7.0
Armour         | 4 5 |  5.8
Fighting       | 4 5 |  5.8
Shields        | 4 5 |  5.9

Action                   |  1- 3 |  4- 6 |  7- 9 || total
-------------------------+-------+-------+-------++-------
Melee: War axe           |    65 |    87 |   109 ||   261
       Headbutt          |     9 |    11 |    27 ||    47
  Eat: Chunk             |     1 |     5 |     3 ||     9
       Ration            |       |       |     1 ||     1
Armor: Scale mail        |    34 |    45 |    30 ||   109
Dodge: Dodged            |    13 |    30 |    31 ||    74
Block: Shield            |    31 |    53 |    53 ||   137
